 Dungeon Crawl Stone Soup version 0.31.0-11-ge490571c62 (webtiles) character file.

Game seed: 9752529440853426210

116 Bobbunny the Sneak (level 5, 0/41 HPs)
             Began as a Formicid Enchanter on Jan 27, 2024.
             Was a Follower of Okawaru.
             Slain by Terence
             ... wielding a +2 flail of protection
              (7 damage)
             ... on level 3 of the Dungeon.
             The game lasted 00:02:29 (1768 turns).

Bobbunny the Sneak (Formicid Enchanter)             Turns: 1768, Time: 00:02:30

Health: 0/41       AC:  6    Str: 14    XL:     5   Next: 21%
Magic:  8/8        EV: 11    Int: 15    God:    Okawaru [*.....]
Gold:   118        SH:  0    Dex: 14    Spells: 8/8 levels left

rFire   . . .        d - +1 hand axe (heavy)
rCold   . . .        (no shield)
rNeg    . . .        m - +0 ring mail
rPois   +            (helmet unavailable)
rElec   .            (no cloak)
rCorr   .            q - +0 pair of gloves
SInv    +            (no boots)
Will    .....        (no amulet)
Stlth   ++           u - ring of poison resistance
HPRegen 0.26/turn    (no ring)
MPRegen 0.11/turn

%: no passive effects
@: no status effects
A: permanent stasis, dig shafts and tunnels, antennae 3, four strong arms
a: Dig, Shaft Self, Renounce Religion, Heroism


You were on level 3 of the Dungeon.
You worshipped Okawaru.
Okawaru was aware of your devotion.
You visited 1 branch of the dungeon, and saw 3 of its levels.

You collected 118 gold pieces.

Inventory:

Hand Weapons
 a - a +1 dagger
 d - a +1 heavy hand axe (weapon)
Missiles
 h - 5 boomerangs (quivered)
Armour
 m - a +0 ring mail (worn)
 q - a +0 pair of gloves (worn)
Jewellery
 u - a ring of poison resistance (left hand)
Wands
 s - a wand of quicksilver (10)
Scrolls
 i - a scroll of vulnerability {unknown}
 j - a scroll of blinking {unknown}
 k - a scroll of brand weapon {unknown}
 n - a scroll of immolation {unknown}
 o - a scroll of identify {unknown}
 p - a scroll of enchant armour {unknown}
 r - a scroll of butterflies {unknown}
 t - a scroll of teleportation {unknown}
Potions
 b - 2 potions of mutation {unknown}
 c - 2 potions of invisibility
 e - 2 potions of curing {unknown}
 f - a potion of heal wounds {unknown}
 l - a potion of degeneration {unknown}


   Skills:
 + Level 3.2 Fighting
 - Level 1.0 Short Blades
 + Level 2.7 Axes
 - Level 1.7 Dodging
 - Level 4.0 Stealth
 - Level 2.1 Spellcasting
 - Level 3.6 Hexes


You had 8 spell levels left.
You didn't know any spells.
Your spell library contained the following spells:

 Spells                   Type           Power      Damage    Failure   Level
 Confusing Touch          Hex            12%        N/A       30%         3
 Ensorcelled Hibernation  Hex/Ice        14%        N/A       32%         2
 Apportation              Tloc           2%         N/A       41%         1
 Necrotise                Necr           4%         1d4       41%         1
 Sting                    Conj/Alch      4%         1d3       41%         1
 Dazzling Flash           Conj/Hex       14%        N/A       54%         3
 Sublimation of Blood     Necr           1%         N/A       56%         2
 Tukima's Dance           Hex            Unusable   N/A       N/A         3
 Summon Small Mammal      Summ           Unusable   N/A       N/A         1
 Call Imp                 Summ           Unusable   N/A       N/A         2
 Summon Hydra             Summ           Unusable   N/A       N/A         7

Dungeon Overview and Level Annotations

Branches:
Dungeon (3/15)

Altars:
Okawaru
Sif Muna

Annotations:
D:3 Terence


Innate Abilities, Weirdness & Mutations

You cannot be hasted, slowed, berserked, paralysed or teleported.
You can dig through walls and to a lower floor.
You have a pair of large antennae on your head. (SInv)
Your four strong arms can wield two-handed weapons with a shield.


Message History

Terence barely misses you.
Terence zaps a wand.
The puff of flame hits you.
You hit Terence but do no damage.
Terence is heavily wounded.
Terence barely misses you.
Terence hits you with a +2 flail of protection!
* * * LOW HITPOINT WARNING * * *
Terence shouts, "DIE!!!"
Throw: 2 throwing nets
Press: ? - help, Shift-Dir - straight line, f - Terence
Aim: Terence, wielding a +2 flail of protection, wearing a +0 scale mail and carrying a wand of flame (heavily wounded, 60% to hit)
You throw a throwing net. The throwing net barely misses Terence.
Terence misses you.
Throw: throwing net
Press: ? - help, Shift-Dir - straight line, f/p - Terence
Aim: Terence, wielding a +2 flail of protection, wearing a +0 scale mail and carrying a wand of flame (heavily wounded, 60% to hit)
You throw a throwing net. The throwing net hits Terence.
Terence is caught in the net!
Terence is heavily wounded.
Terence bares his teeth.
Terence struggles against the net.
You catch the helpless Terence completely off-guard!
You hit Terence but do no damage.
Terence is heavily wounded.
Terence struggles against the net.
You barely miss Terence.
Terence is heavily wounded.
Terence zaps a wand.
The puff of flame hits you but does no damage.
Terence struggles against the net.
You hit Terence.
Terence is heavily wounded.
Terence struggles against the net. x2
You catch the helpless Terence completely off-guard!
You slash Terence!
Terence is almost dead.
Terence struggles against the net.
The net rips apart, and Terence comes free!
Terence hits you with a +2 flail of protection!
You die...
Terence says, "Time to find some more victims."

#............ #........o..#
# #.............
#.#..$...##.# #...>..$....#
###.#.#....##.#
...........)()#
##.##.......###@#####
...##..#...####.@...#
..........###.#.###.#
.†####......#.#.###.# ##
........###.#[...##<# .#
....................##.##
####...)......#.###.....#
####....).......###..#..####
.............#.............#
.............##.........####


You could see Terence.

Vanquished Creatures
  A hound (D:2)
  An orc wizard (D:3)
  2 ribbon worms (D:2)
  4 orcs (D:3)
  5 ball pythons
  6 endoplasms
  2 giant cockroaches
  4 goblins
  6 hobgoblins
  4 kobolds
  2 quokkas
  5 bats
  4 frilled lizards
  6 rats
52 creatures vanquished.

Notes
Turn   | Place    | Note
-------+----------+-------------------------------------------
     0 | D:1      | Bobbunny the Formicid Enchanter began the quest for the
                  | Orb.
     0 | D:1      | Reached XP level 1. HP: 13/13 MP: 3/3
   121 | D:1      | Found a faded altar of an unknown god.
   151 | D:1      | Prayed at the altar of an unknown god.
   151 | D:1      | Became a worshipper of Warmaster Okawaru
   151 | D:1      | Reached * piety under Okawaru
   257 | D:1      | Reached skill level 1 in Fighting
   257 | D:1      | Reached XP level 2. HP: 21/21 MP: 5/5
   268 | D:1      | Reached skill level 4 in Stealth
   535 | D:1      | Reached skill level 1 in Axes
   617 | D:1      | Reached XP level 3. HP: 27/27 MP: 6/6
   943 | D:2      | Reached XP level 4. HP: 3/34 MP: 4/7
  1238 | D:2      | Found a shimmering blue altar of Sif Muna.
  1740 | D:3      | Noticed Terence
  1759 | D:3      | Reached XP level 5. HP: 24/41 MP: 8/8
  1768 | D:3      | Slain by Terence

Illustrated notes

Levels and vault maps discovered:
D:1:      spicycebolla_arrival_risky_transporter, layout_loops_ring,
          ebering_ecumenical_altar_abandoned
D:2:      layout_loops_ring, basic_altar, item_on_display_a
D:3:      layout_basic, chequers_jeans, kennysheep_cross_room, minmay_puff,
          uniq_terence, uniq_jessica

Skill      XL: |  1  2  3  4 |
---------------+-------------+-----
Fighting       | 1 2 3 |  3.2
Stealth        | 4 |  4.0
Axes           | 1 2 |  2.7
Short Blades   | |  1.0
Dodging        | |  1.7
Spellcasting   | |  2.1
Hexes          | |  3.6

Action                     |  1- 3 |  4- 6 || total
---------------------------+-------+-------++-------
  Melee: Dagger            |    22 |       ||    22
         Hand axe          |    38 |    56 ||    94
         Punch             |     3 |       ||     3
  Throw: Throwing net      |       |     2 ||     2
 Invoke: Heroism           |     1 |       ||     1
   Stab: Sleeping          |     9 |     4 ||    13
         Held in net/web   |       |     2 ||     2
 Armour: Robe              |    38 |       ||    38
         Ring mail         |       |    42 ||    42
  Dodge: Dodged            |    40 |    40 ||    80
